AoeStats
← Mega Chad

MegaRandom

507378853Analyzed
3v3 RM · 1mo ago on Sep 18, 2026· 48m 31s· 6 players
Game mode
Random Map
Map size
Normal (6 player)
Population
200
Speed
Normal
Resources
Standard
Victory
Conquest
Starting age
Dark Age
Ending age
Imperial Age
RankedLock teamsTeams togetherTeam positionsShared explorationLock speedFull tech treeHidden civsTurbo modeCheats
Victory
Defeat
🇨🇦 Vietnamese · Canada
878
+18
🇺🇸 Franks · United States
849
+20
🇺🇸 Malay · United States
788
+22
vs
🇦🇷 Spanish · Argentina
1020
-24
🇩🇪 Teutons · Germany
904
-19
🇦🇷 Vikings · Argentina
855
-17
Neuronians
0:26 Loom
13:24 Feudal Age
14:47 Wheelbarrow
14:00 Double-Bit Axe
13:57 Horse Collar
14:12 Gold Mining
14:29 Town Watch
21:49 Castle Age
22:29 Fletching
22:51 Forging
23:00 Hand Cart
23:01 Bow Saw
23:18 Heavy Plow
23:32 Caravan
26:28 Scale Mail Armor
26:35 Scale Barding Armor
28:24 Town Patrol
29:00 Iron Casting
28:21 Bodkin Arrow
28:28 Padded Archer Armor
28:49 Chain Barding Armor
30:45 Masonry
30:37 Crossbowman
32:25 Bloodlines
38:42 Imperial Age
38:20 Squires
38:05 Arson
38:39 Leather Archer Armor
38:26 Scale Mail Armor
38:25 Elite Skirmisher
39:43 Conscription
40:05 Ballistics
40:23 Crop Rotation
39:37 Cavalier
41:51 Chemistry
42:07 Two-Man Saw
41:18 Pikeman
43:01 Blast Furnace
42:47 Plate Barding Armor
42:09 Halberdier
44:12 Chain Mail Armor
45:12 Paladin
47:02 Ironclad
47:59 Guilds
Matiascamao
11:14 Feudal Age
9:29 Loom
17:53 Castle Age
17:01 Double-Bit Axe
16:58 Horse Collar
17:57 Town Watch
20:57 Heavy Plow
21:18 Bow Saw
21:30 Elite Skirmisher
25:24 Squires
24:44 Pikeman
25:11 Arson
29:44 Imperial Age
27:43 Caravan
31:49 Crop Rotation
32:48 Two-Man Saw
33:48 Capped Ram
34:36 Chieftains
35:39 Forging
35:29 Scale Mail Armor
37:15 Elite Berserk
39:32 Ballistics
45:05 Iron Casting
44:45 Chain Mail Armor
44:25 Fletching
Cheu7855
1:09 Loom
11:00 Feudal Age
16:31 Castle Age
15:28 Double-Bit Axe
24:15 Bow Saw
30:16 Imperial Age
27:40 Town Watch
28:08 Gold Mining
28:08 Stone Mining
30:27 Wheelbarrow
29:37 Horse Collar
30:18 Elite Conquistador
31:21 Conscription
34:29 Stone Shaft Mining
35:40 Heavy Plow
39:33 Chemistry
38:47 Bloodlines
38:38 Husbandry
38:35 Cavalier
39:28 Scale Barding Armor
39:33 Forging
40:15 Paladin
42:22 Chain Barding Armor
42:38 Iron Casting
46:58 Pikeman
47:39 Squires
48:47 Blast Furnace
47:35 Gambesons
o k
3:47 Loom
10:39 Feudal Age
14:37 Castle Age
12:42 Double-Bit Axe
14:11 Horse Collar
18:55 Bow Saw
20:05 Heavy Plow
21:43 Wheelbarrow
20:59 Town Watch
23:27 Fletching
23:38 Padded Archer Armor
24:13 Crossbowman
25:00 Thumb Ring
26:29 Gold Mining
26:32 Stone Mining
26:25 Elite Skirmisher
27:29 Bodkin Arrow
27:50 Leather Archer Armor
28:00 Ballistics
32:36 Imperial Age
30:24 Squires
30:43 Forging
30:34 Scale Mail Armor
34:23 Paper Money
35:01 Stone Shaft Mining
35:30 Two-Man Saw
34:13 Elite Fire Lancer
34:42 Arson
35:03 Bracer
35:34 Ring Archer Armor
35:19 Chain Mail Armor
35:40 Iron Casting
35:00 Imperial Skirmisher
36:22 Arbalester
43:50 Iron Casting
43:46 Plate Mail Armor
44:23 Chemistry
43:20 Murder Holes
45:38 Elite Rattan Archer
Mega Chad
3:37 Loom
10:52 Feudal Age
17:00 Castle Age
15:27 Double-Bit Axe
15:56 Gold Mining
18:39 Horse Collar
23:41 Wheelbarrow
23:29 Heavy Plow
25:07 Squires
24:53 Arson
26:18 Town Watch
27:27 Bow Saw
28:55 Elite Skirmisher
33:26 Imperial Age
32:18 Forging
33:36 Ballistics
33:12 Murder Holes
34:03 Iron Casting
33:59 Hand Cart
34:52 Imperial Skirmisher
35:29 Stone Mining
36:42 Blast Furnace
35:36 Fletching
37:05 Gold Shaft Mining
37:05 Stone Shaft Mining
38:00 Conscription
37:01 Elite Karambit Warrior
38:04 Conscription
40:39 Chemistry
41:01 Bodkin Arrow
41:40 Elite Battle Elephant
42:21 Husbandry
45:59 Treadmill Crane
46:25 Caravan
TheGryph
3:43 Loom
10:26 Feudal Age
11:24 Feudal Age
13:35 Double-Bit Axe
19:24 Castle Age
20:16 Forging
20:12 Scale Barding Armor
21:18 Husbandry
23:28 Wheelbarrow
22:38 Town Watch
25:36 Bow Saw
26:42 Iron Casting
26:27 Chain Barding Armor
27:42 Gold Mining
32:35 Imperial Age
30:37 Hand Cart
31:05 Gold Shaft Mining
33:29 Chivalry
33:50 Conscription
35:27 Blast Furnace
35:03 Plate Barding Armor
35:36 Cavalier
37:35 Paladin
37:51 Light Cavalry
39:02 Town Patrol
43:49 Chemistry
43:10 Ballistics
42:55 Siege Engineers
42:48 Murder Holes
43:04 Masonry
42:41 Arrowslits
43:03 Scale Mail Armor
42:53 Fletching
43:04 Padded Archer Armor
48:29 Architecture
48:03 Bodkin Arrow
Connection lost

Rejoining the realm…

Still unreachable

The connection could not be restored.

Session expired

The server has moved on; the page needs a fresh start.